 Dungeon Crawl Stone Soup version 0.26.0-20-g3ca415f5b8 (webtiles) character file.

Game seed: 8120566218874890718

28 kreisler the Sneak (level 3, -4/24 HPs)
             Began as an Octopode Brigand on Jan 24, 2021.
             Slain by Sigmund
             ... wielding a +0 scythe
              (12 damage)
             ... on level 2 of the Dungeon.
             The game lasted 00:03:42 (685 turns).

kreisler the Sneak (Octopode Brigand)                Turns: 685, Time: 00:03:42

Health: -4/24      AC:  1    Str: 10    XL:     3   Next: 14%
Magic:  3/3        EV: 13    Int: 13    God:
Gold:   67         SH:  0    Dex: 14    Spells: 2/2 levels left

rFire    . . .     SeeInvis .   a - +2 dagger
rCold    . . .     Faith    .   (no shield)
rNeg     . . .     Spirit   .   (helmet restricted)
rPois    .         Reflect  .   (no amulet)
rElec    .         Harm     .   (no ring)
rCorr    .         Rampage  .   (no ring)
Will     .....                  (no ring)
Stlth    ++++......             (no ring)
HPRegen  0.08/turn              (no ring)
MPRegen  0.08/turn              (no ring)
                                (no ring)
                                (no ring)

@: no status effects
A: almost no armour, stealthy swim, amphibious, 8 rings, constrict 8, camouflage
1, gelatinous body 1
a: no special abilities


You were on level 2 of the Dungeon.
You visited 1 branch of the dungeon, and saw 2 of its levels.

You collected 67 gold pieces.

Inventory:

Hand Weapons
 a - a +2 dagger (weapon)
Missiles
 b - 3 poisoned darts (quivered)
 c - 2 curare-tipped darts
Jewellery
 f - an uncursed amulet of magic regeneration {unknown}
 h - an uncursed ring of magical power {unknown}
Scrolls
 d - a scroll of blinking
 e - a scroll of remove curse
 j - a scroll of teleportation


   Skills:
 + Level 2.1 Fighting
 + Level 2.1 Short Blades
 + Level 2.4 Throwing
 + Level 1.0 Dodging
 + Level 6.2 Stealth


You had 2 spell levels left.
You didn't know any spells.
Your spell library was empty.

Dungeon Overview and Level Annotations

Branches:
Dungeon (2/15)

Altars:

Annotations:
D:2 Sigmund


Innate Abilities, Weirdness & Mutations

You cannot wear most types of armour.
You are very stealthy in the water. (Stealth+)
You are amphibious.
You can wear up to eight rings at the same time.
You can use your tentacles to constrict eight enemies at once.
Your skin changes colour to match your surroundings (Stealth+).
Your rubbery body absorbs attacks. (AC +1, EV +1)


Message History

The goblin is poisoned.
The goblin shouts!
Throw: 5 darts (poison)
Press: ? - help, Q - select action, (/) - cycle Shift-Dir - straight line, f - hobgoblin, p - goblin
Aim: a hobgoblin, wielding a +0 club You throw a poisoned dart.
The poisoned dart hits the hobgoblin.
The hobgoblin is poisoned.
Sigmund gestures at you while chanting. The magic dart hits you!
You hit the goblin.
You kill the goblin!
Throw: 4 darts (poison)
Press: ? - help, Q - select action, (/) - cycle Shift-Dir - straight line, f - Sigmund, p - hobgoblin
Aim: Sigmund, wielding a +0 scythe and wearing a +0 robe (lightly wounded, poisoned)
You throw a poisoned dart.
The poisoned dart barely misses Sigmund.
Sigmund hits you from afar with a +0 scythe!
Sigmund hits you with a +0 scythe!
Ouch! That really hurt!
You die...

#.#....##
#(......#
#......#
#......##
........#
#(..r....
#@...# #@#
#.#######.
#...g..(..
#.########
#.# #.# .
#.# #. #.#
###.######.#


You could see Sigmund (poisoned) and a rat.

Vanquished Creatures
  An adder (D:2)
  A leopard gecko (D:1)
  A giant cockroach (D:2)
  3 goblins
  2 hobgoblins (D:1)
  5 bats (D:1)
  A frilled lizard (D:1)
  3 kobolds (D:1)
  2 rats (D:1)
19 creatures vanquished.

Notes
Turn   | Place    | Note
-------+----------+-------------------------------------------
     0 | D:1      | kreisler the Octopode Brigand began the quest for the Orb.
     0 | D:1      | Reached XP level 1. HP: 14/14 MP: 1/1
   111 | D:1      | Reached XP level 2. HP: 19/19 MP: 2/2
   646 | D:2      | Reached skill level 6 in Stealth
   646 | D:2      | Reached XP level 3. HP: 24/24 MP: 3/3
   672 | D:2      | Noticed Sigmund
   685 | D:2      | Slain by Sigmund

Illustrated notes

Levels and vault maps discovered:
D:1:      wander_arrival_desolate, layout_rooms
D:2:      layout_loops_ring, minmay_snake_closets, uniq_sigmund

Skill      XL: |  1  2 |
---------------+-------+-----
Stealth        | 6 |  6.2
Fighting       | |  2.1
Short Blades   | |  2.1
Throwing       | |  2.4
Dodging        | |  1.0

Action                   || total
-------------------------++-------
Melee: Dagger            ||    29
       Constrict         ||     6
       Tentacles         ||     3
Throw: Dart              ||     7
  Use: Scroll            ||     3
       Potion            ||     3
 Stab: Sleeping          ||     6
Armor: Skin              ||     7
Dodge: Dodged            ||    16
